 Dungeon Crawl Stone Soup version 0.28.0-45-g0d030f2227 (webtiles) character file.

Game seed: 1643639117041534068

223718 CryoSword the Unseen (level 19, -3/96 HPs)
             Began as a Vine Stalker Enchanter on Apr 18, 2022.
             Was the Champion of Dithmenos.
             Drowned by a water elemental (7 damage)
             ... on level 3 of the Shoals.
             The game lasted 02:10:21 (39146 turns).

CryoSword the Unseen (Vine Stalker Enchanter)      Turns: 39146, Time: 02:10:21

Health: -3/96      AC: 26    Str:  8    XL:     19   Next: 27%
Magic:  0/34       EV: 12    Int: 19    God:    Dithmenos [******]
Gold:   286        SH: 25    Dex: 17    Spells: 12/39 levels left

rFire   + . .      SeeInvis +   a - +3 quick blade
rCold   . . .      Faith    .   q - +2 tower shield {AC+3}
rNeg    . . .      Spirit   +   n - +0 steam dragon scales
rPois   .          Reflect  +   O - +2 helmet {SInv}
rElec   +          Harm     .   k - +2 cloak
rCorr   +          Rampage  .   C - +2 pair of gloves {Dex+3}
Will    +++++                   T - +0 pair of boots of Unambiguity {rElec Will+++ rCorr Str-4} Stlth **++++++++
                                t - amulet of reflection
HPRegen 1.06/turn               y - +6 ring of protection {=R}
MPRegen 0.24/turn               X - ring of Nogutaq {Wiz Fly rF+ Dex-4}

@: engulfed (cannot breathe), flying, wreathed by umbra, invisible
A: fangs 3, regeneration 1, magic shield, antimagic bite, no potion heal 2
}: 1/15 runes: serpentine
a: Renounce Religion, Shadow Step, Shadow Form


You were on level 3 of the Shoals.
You worshipped Dithmenos.
Dithmenos was exalted by your worship.
You visited 6 branches of the dungeon, and saw 31 of its levels.
You also visited: Bailey and Gauntlet.

You collected 4187 gold pieces.
You spent 3901 gold pieces at shops.

Inventory:

Hand Weapons
 a - a +3 quick blade (weapon)
   (You found it on level 6 of the Lair of Beasts)
 w - a +5 dagger of chaos
   (You took it off a kobold brigand on level 7 of the Dungeon)
 N - a +3 dagger of venom
   (You found it on level 11 of the Dungeon)
 P - a +2 flail of holy wrath
   (You found it in a Gauntlet)
Missiles
 f - 14 curare-tipped darts (quivered)
 m - 2 boomerangs of dispersal {!f}
 p - 8 throwing nets
 L - 12 boomerangs
Armour
 i - +0 swamp dragon scales
   (You took it off Maggie on level 7 of the Dungeon)
 k - a +2 cloak (worn)
   (You took it off Crazy Yiuf on level 2 of the Dungeon)
 n - +0 steam dragon scales (worn)
   (You found it on level 7 of the Dungeon)
 q - a +2 tower shield of protection (worn)
   (You took it off a naga warrior on level 4 of the Snake Pit)
 C - a +2 pair of gloves of dexterity (worn)
   (You found it on level 9 of the Dungeon)
 O - a +2 helmet of see invisible (worn)
   (You bought it in a shop on level 9 of the Dungeon)
 T - the +0 pair of boots of Unambiguity (worn) {rElec Will+++ rCorr Str-4}
   (You found it on level 3 of the Lair of Beasts)

   Str:       It affects your strength (-4).
   rElec:     It insulates you from electricity.
   rCorr:     It protects you from acid and corrosion.
   Will:      It greatly increases your willpower.
Jewellery
 l - a ring of resist corrosion
   (You took it off a naga warrior on level 3 of the Snake Pit)
 o - a ring of protection from cold
   (You found it on level 8 of the Dungeon)
 t - an amulet of reflection (around neck)
   (You bought it in a shop on level 2 of the Orcish Mines)
 y - a +6 ring of protection (left hand) {=R}
   (You bought it in a shop on level 10 of the Dungeon)
 R - a ring of protection from cold
   (You found it on level 1 of the Lair of Beasts)
 U - a ring of protection from fire
   (You took it off a naga on level 2 of the Snake Pit)
 X - the ring of Nogutaq (right hand) {Wiz Fly rF+ Dex-4}
   (You found it in a Gauntlet)

   [ring of wizardry]

   It improves your spell success rate.
   Dex:       It affects your dexterity (-4).
   rF:        It protects you from fire.
   Fly:       It grants you flight.
 Y - a +7 ring of slaying
   (You bought it in a shop on level 10 of the Dungeon)
Wands
 b - a wand of iceblast (32)
   (You took it off Ijyb on level 4 of the Dungeon)
 j - a wand of flame (7)
   (You found it on level 5 of the Dungeon)
 u - a wand of digging (28)
   (You found it on level 1 of the Lair of Beasts)
 x - a wand of acid (8)
   (You found it on level 2 of the Lair of Beasts)
Scrolls
 h - 16 scrolls of teleportation {@r4}
 s - 2 scrolls of blinking
 v - a scroll of vulnerability {!r}
 B - 9 scrolls of magic mapping
 D - a scroll of silence
 G - 6 scrolls of fog
 H - 2 scrolls of fear
 K - a scroll of enchant armour
 Q - 3 scrolls of summoning
Potions
 c - 3 potions of cancellation
 d - 2 potions of mutation {!q}
 e - 3 potions of might
 g - 11 potions of curing {@q1}
 z - a potion of invisibility
 A - 3 potions of brilliance
 E - a potion of ambrosia
 F - 5 potions of lignification {!q}
 I - 4 potions of haste {@q3}
 J - 3 potions of berserk rage
 M - a potion of resistance
 V - a potion of magic
Miscellaneous
 r - a box of beasts
   (You found it on level 5 of the Lair of Beasts)


   Skills:
 + Level 9.5 Fighting
 - Level 12.0 Short Blades
 - Level 3.0 Throwing
 + Level 7.3 Armour
 - Level 5.0 Dodging
 + Level 15.5 Stealth
 * Level 12.4 Shields
 + Level 10.5 Spellcasting
 - Level 5.1 Conjurations
 * Level 14.6 Hexes
 + Level 2.6 Translocations
 + Level 4.7 Transmutations
 + Level 6.3 Ice Magic
 + Level 3.8 Air Magic
 - Level 4.0 Poison Magic
 * Level 8.7 Invocations


You had 12 spell levels left.
You knew the following spells:

 Your Spells              Type           Power      Damage    Failure   Level
a - Ensorcelled Hibernat  Hex/Ice        98%        N/A       1%          2
b - Confusing Touch       Hex            60%        N/A       1%          3
c - Tukima's Dance        Hex            60%        N/A       1%          3
d - Dazzling Flash        Conj/Hex       94%        N/A       1%          3
e - Metabolic Englaciati  Hex/Ice        24%        N/A       5%          5
f - Yara's Violent Unrav  Hex/Tmut       23%        3d10      8%          5
A - Apportation           Tloc           40%        N/A       4%          1
B - Blink                 Tloc           40%        N/A       7%          2
C - Mephitic Cloud        Conj/Pois/Air  26%        N/A       7%          3

Your spell library contained the following spells:

 Spells                   Type           Power      Damage    Failure   Level
 Beastly Appendage        Tmut           56%        N/A       1%          1
 Freeze                   Ice            100%       1d11      1%          1
 Magic Dart               Conj           100%       1d8       1%          1
 Wereblood                Tmut           28%        N/A       3%          2
 Frozen Ramparts          Ice            68%        1d8       3%          3
 Ozocubu's Armour         Ice            34%        N/A       3%          3
 Spider Form              Tmut/Pois      26%        N/A       7%          3
 Hailstorm                Conj/Ice       31%        3d8       13%         4
 Gell's Gravitas          Tloc           20%        N/A       14%         3
 Lesser Beckoning         Tloc           20%        N/A       14%         3
 Teleport Other           Tloc           20%        N/A       14%         3
 Call Imp                 Summ           9%         N/A       21%         2
 Passage of Golubria      Tloc           20%        N/A       41%         4
 Irradiate                Conj/Tmut      14%        3d18      43%         5
 Blade Hands              Tmut           14%        N/A       45%         5
 Manifold Assault         Tloc           20%        N/A       75%         5
 Animate Armour           Summ/Erth      18%        N/A       77%         4
 Iron Shot                Conj/Erth      9%         9d3       99%         6
 Simulacrum               Ice/Necr       11%        N/A       99%         6
 Dragon Form              Tmut           14%        N/A       100%        7
 Disjunction              Tloc           10%        N/A       100%        8


Dungeon Overview and Level Annotations

Branches:
Dungeon (15/15)            Temple (1/1) D:4            Lair (6/6) D:8
 Shoals (3/4) Lair:4        Snake (4/4) Lair:2        Slime (0/5) Lair:6
    Orc (2/2) D:9             Elf (0/3) Orc:2        Vaults (0/5) D:13
 Depths (0/4) D:15         Bailey (visited)         Gauntlet (visited)

Altars:
Ashenzari
Cheibriados
Dithmenos
Elyvilon
Fedhas
Gozag
Hepliaklqana
Kikubaaqudgha
Makhleb
Nemelex Xobeh
Okawaru
Qazlal
Ru
Sif Muna
Trog
Uskayaw
Vehumet
Wu Jian
Xom
Yredelemnul
Zin
The Shining One
Beogh

Shops:
D:9 *![(   D:10 =   D:11 [   D:14 (   Orc:1 [   Orc:2 (=[*   Shoals:1 ?
Snake:1 =:=

Annotations:
D:11 5 transporters
Lair:4 exclusion: 6 oklob plants
Shoals:2 3 runed translucent doors, CryoSword's ghost, adept GrEE


Innate Abilities, Weirdness & Mutations

You have razor-sharp teeth.
Your natural rate of healing is unusually fast.
When hurt, damage is shared between your health and your magic reserves.
Your bite disrupts and absorbs the magic of your enemies.
Potions cannot restore your health.


Message History

Could not explore, unopened runed door.
No reachable target in view!
Here: CryoSword's ghost (umbra, fire blocked by a translucent stone wall)
The floor.
Could not explore, unopened runed door.
Could not explore, unopened runed door.
CryoSword's ghost whispers, "Meet the emptiness of death!"
There is a stone staircase leading down here.
You fly downwards.
Found a book of Iron and a potion of lignification.
There is a stone staircase leading up here.
The helpless merfolk avatar fails to defend itself.
You spit the merfolk avatar like a pig!!!!
You kill the merfolk avatar!
Dithmenos accepts your kill.
No target in view!
No target in view!
Okay, then.
Okay, then.
A wind drake comes into view.
The wind drake hisses angrily.
A wind drake is nearby!
A wind drake is nearby! 2 manticores come into view.
The wind drake exhales a fierce blast of wind!
You are blown backwards!
The manticore moves out of view. x2
Aim: a wind drake (repelling missiles, catching its breath, umbra, chance to affect: 53%)
The wind drake looks drowsy...
The helpless wind drake fails to defend itself.
You perforate the wind drake like a sieve!!!!
You kill the wind drake!
Dithmenos accepts your kill. You block the manticore's attack.
The manticore claws you but does no damage.
You block the manticore's attack.
Aim: a manticore (umbra, chance to affect: 53%)
The manticore resists with some effort.
You block the manticore's attack.
The manticore claws you but does no damage.
You block the manticore's attack.
You hit the manticore.
You bite the manticore, but do no damage.
Your shadow hits the manticore with a quick blade.
You block the manticore's attack. The manticore claws you.
The manticore claws you but does no damage.
Aim: a manticore (lightly wounded, umbra, chance to affect: 53%)
The manticore looks drowsy...
Your shadow mimicks your spell!
The manticore is unaffected.
The helpless manticore fails to defend itself.
You spit the manticore like a pig!!!!
You kill the manticore!
Dithmenos accepts your kill.
A merfolk comes into view. It is wielding a +2 vorpal trident.
The manticore flicks its tail.
The volley of spikes reflects off an invisible shield around you!
The volley of spikes hits the manticore.
A merfolk aquamancer comes into view. It is wielding a +0 rapier.
You barely miss the manticore.
A water elemental comes into view.
Aim: a manticore (moderately wounded, skewered by barbs, umbra, chance to affect: 53%)
The manticore resists with some effort.
A water elemental comes into view.
You block the manticore's attack. x3
You closely miss the manticore.
You bite the manticore, but do no damage.
Your shadow barely misses the manticore.
You block the manticore's attack. x2; The manticore closely misses you.
You hit the manticore. You block the manticore's attack. x2
The manticore claws you but does no damage.
Aim: a manticore (moderately wounded, skewered by barbs, umbra, chance to affect: 53%)
The manticore looks drowsy...
Your shadow mimicks your spell!
The manticore is unaffected.
The merfolk shouts!
A water elemental comes into view.
The merfolk aquamancer casts a spell at you.
The torrent of water reflects off an invisible shield around you!
The torrent of water hits the merfolk aquamancer!
The merfolk aquamancer is knocked back by the torrent of water.
The wave splashes down.
You hear an angry hiss.
You hear a shout! x7; You hear a screech! x3
The helpless manticore fails to defend itself.
You spit the manticore like a pig!!!!
You kill the manticore!
Dithmenos accepts your kill.
The merfolk throws a throwing net.
The throwing net hits you.
You become entangled in the net!
You hear a splash.
Aim: a merfolk aquamancer, wielding a +0 rapier and wearing a +0 robe (moderately wounded, umbra, chance to affect: 25%)
The merfolk aquamancer resists with almost no effort.
A water elemental comes into view.
The merfolk aquamancer hits you but does no damage.
Aim: a merfolk aquamancer, wielding a +0 rapier and wearing a +0 robe (lightly wounded, umbra, chance to affect: 25%)
The merfolk aquamancer resists with almost no effort.
The water elemental hits you.
The water elemental engulfs you in water!
The merfolk barely misses you.
The merfolk aquamancer closely misses you.
You cannot cast spells while unable to breathe!
You struggle against the net.
Your lungs strain for air!
The water elemental hits you.
The merfolk hits you from afar with a +2 vorpal trident!
The water elemental hits you.
The merfolk aquamancer hits you but does no damage.
You struggle against the net.
Your lungs strain for air!
A wind drake comes into view.
The water elemental hits you!
The merfolk hits you from afar with a +2 vorpal trident.
The merfolk aquamancer hits you with a +0 rapier.
The water elemental hits you. x2
You struggle against the net.
You emit a cloud of dark smoke.
Your lungs strain for air!
The water elemental hits you. The merfolk barely misses you.
The water elemental hits you. The water elemental barely misses you.
The merfolk aquamancer hits you but does no damage.
You struggle against the net.
* * * LOW HITPOINT WARNING * * *
Your lungs strain for air!
The water elemental hits you!
* * * LOW HITPOINT WARNING * * *
The merfolk hits you but does no damage.
The merfolk aquamancer points at you and mumbles some strange words.
The shard of ice hits you!!
* * * LOW HITPOINT WARNING * * *
The water elemental hits you. The water elemental hits you!
* * * LOW HITPOINT WARNING * * *
You cannot read scrolls while unable to breathe!
Unknown command.
Okay, then.
Okay, then.
Okay, then.
You shred the net and break free!
* * * LOW HITPOINT WARNING * * *
Your lungs strain for air!
You block the water elemental's attack. You block the merfolk's attack.
The merfolk aquamancer gestures at you while chanting.
The torrent of water reflects off an invisible shield around you!
The torrent of water hits the merfolk aquamancer!!
The merfolk aquamancer is knocked back by the torrent of water.
The wave splashes down.
You block the water elemental's attack. The water elemental barely misses you.
You hear a shout! x3; You hear an angry hiss.
You hear a screech!
You cannot read scrolls while unable to breathe!
Unknown command.
Okay, then.
You fade into invisibility!
You die...

≈≈≈≈..≈....≈≈≈≈..≈≈≈
≈≈≈≈..≈≈≈...≈≈≈≈.≈≈≈≈
≈≈.≈≈≈≈≈≈..≈...≈≈≈≈≈≈≈≈≈
≈≈...≈≈≈≈........≈≈≈≈≈≈≈
≈≈....≈≈≈..†.......≈≈≈≈≈
...≈..≈≈≈†≈≈≈.!....≈≈≈≈≈
...≈≈§§§§§.≈≈..##...≈≈≈≈
#..≈≈§E§§§≈≈....##..≈≈≈≈
#..≈≈EE@§§≈≈≈......≈≈≈≈≈
..≈.≈§§E§§≈≈≈≈....:≈≈≈≈≈
≈≈...m§m§≈≈≈≈..≈≈≈≈≈≈≈≈≈
.....≈≈≈≈≈≈≈.<≈≈≈≈≈≈≈≈≈≈
....≈≈≈≈≈≈≈≈≈.≈≈≈≈≈≈≈≈≈≈
#..≈≈≈≈≈≈≈≈≈≈.≈≈≈≈≈≈≈≈≈≈
#..≈≈≈≈≈≈≈≈≈≈≈≈≈≈≈≈≈†≈≈≈
..≈≈≈≈≈≈≈≈≈≈≈≈≈≈≈≈≈≈≈.≈≈
≈≈≈≈≈≈≈≈≈≈≈≈≈..≈≈≈


You could see a merfolk aquamancer, a merfolk and 4 water elementals.

Vanquished Creatures
  Jorgrun (D:15)
  Rupert (Snake:1)
  Asterion (Snake:1)
  A kraken (Shoals:1)
  Gastronok (Lair:3)
  Kirke (Snake:2)
  7 nagarajas
  Aizul (Snake:1)
  An orc warlord (Orc:1)
  The ghost of Wairalebb the Basher, a journeyman BaFi of Cheibriados (Lair:4)
  The ghost of McKennaii the Protected, a journeyman DgFi (Lair:4)
  A minotaur (Gauntlet)
  Azrael (Snake:2)
  The ghost of Hiywul the Fighter, a journeyman MiHu of Trog (Lair:4)
  Josephine (D:15)
  A merfolk impaler (Shoals:2)
  A merfolk javelineer (Shoals:2)
  The ghost of McKennaii the Fighter, a journeyman DgFi (Lair:1)
  A fire dragon (D:15)
  The ghost of Vuluc the Whirler, a journeyman SpHu of Okawaru (Lair:4)
  Fannar (D:10)
  2 ice dragons
  5 hydras
  2 salamander tyrants (Snake:4)
  A catoblepas (Lair:5)
  20 naga warriors
  An ogre mage (D:15)
  A boulder beetle (D:7)
  6 centaur warriors
  8 anacondas
  An alligator snapping turtle (Shoals:1)
  A merfolk avatar (Shoals:3)
  6 two-headed ogres
  4 merfolk aquamancers
  A death knight (D:14)
  3 death yaks (Lair:5)
  2 death scarabs (Gauntlet)
  11 naga sharpshooters
  4 tengu warriors (D:13)
  4 orc high priests (Orc:2)
  8 shock serpents
  Nergalle (D:11)
  A fire crab (shapeshifter) (D:13)
  6 salamander mystics
  4 sea snakes
  9 naga ritualists
  18 harpies
  An obsidian statue (Gauntlet)
  2 ugly things
  A mana viper (shapeshifter) (D:13)
  2 lindwurms
  3 orc knights
  A wolf spider (Lair:6)
  10 mana vipers
  3 deep elf pyromancers
  4 orc sorcerers (Orc:2)
  18 salamanders
  5 manticores
  2 fauns
  6 cyclopes
  27 elephants
  27 naga magi
  3 merfolk sirens
  A water nymph (Shoals:2)
  49 black mambas
  4 guardian serpents
  Maggie (D:7)
  6 torpor snails
  12 cane toads
  An unseen horror (D:12)
  An efreet (D:13)
  2 kobold demonologists
  A tengu conjurer (D:14)
  4 rime drakes
  6 komodo dragons
  11 merfolk
  A queen bee (shapeshifter) (D:13)
  7 trolls
  3 polar bears
  A wind drake (Shoals:3)
  11 hornets (Lair:6)
  4 tyrant leeches (Lair:6)
  16 blink frogs
  4 slime creatures (D:14)
  A meliai zombie (D:11)
  4 dream sheep (Lair:6)
  3 snapping turtles
  A spectral black mamba (Gauntlet)
  2 shadows
  A centaur simulacrum (D:14)
  4 vampires
  5 fire elementals
  5 water elementals
  50 yaks
  9 wyverns (Lair:6)
  4 basilisks
  A hog (Snake:1)
  2 steam dragons
  5 wraiths
  3 redbacks (Lair:6)
  A spectral komodo dragon (Gauntlet)
  5 vampire mosquitoes
  Menkaure (D:4)
  A warg (Orc:2)
  49 nagas
  3 acid dragons
  3 hell hounds
  29 water moccasins
  Duvessa (D:4)
  A hornet zombie (D:7)
  31 orc warriors
  3 ice beasts
  3 sky beasts
  3 black bears
  9 ogres
  A necrophage (D:2)
  21 wolves
  5 boggarts (D:15)
  A phantom (D:5)
  14 centaurs
  Blork the orc (D:5)
  10 bullfrogs
  4 kobold brigands
  A scorpion (D:4)
  A water moccasin zombie (D:5)
  A wyvern skeleton (D:7)
  Dowan (D:4)
  3 killer bees (D:10)
  16 wights
  7 howler monkeys
  6 electric eels
  5 centaur zombies
  3 hounds
  A jelly (D:5)
  25 orc priests
  Crazy Yiuf (D:2)
  2 centaur skeletons
  A gnoll shaman (Orc:2)
  22 orc wizards
  Ijyb (D:4)
  Natasha (thrice) (D:4)
  3 iguanas
  7 hell rats
  A hound skeleton (D:5)
  3 howler monkey zombies (D:8)
  A howler monkey skeleton (D:7)
  8 gnolls
  2 adders (D:6)
  2 white imps (D:7)
  2 ufetubi (D:5)
  2 dart slugs (D:1)
  95 orcs
  6 ball pythons
  7 bats
  10 endoplasms
  3 giant cockroaches
  8 goblins
  10 hobgoblins
  8 jackals
  20 kobolds
  4 quokkas
  3 frilled lizards
  5 rats
1028 creatures vanquished.

Vanquished Creatures (collateral kills)
  An orc warlord (Orc:2)
  A naga warrior (Snake:4)
  An ogre mage (D:15)
  A merfolk aquamancer (Shoals:1)
  6 two-headed ogres
  A deep elf pyromancer (Bailey)
  An orc knight (Orc:2)
  3 nagas
  7 orc warriors
  7 ogres
  3 orc priests (Orc:2)
  3 orc wizards (Orc:2)
  13 orcs
48 creatures vanquished.

Vanquished Creatures (others)
  11 dancing weapons
  2 humans (Snake:2)
  An orc priest (Orc:2)
  2 orcs
  2 bushes (Lair:6)
  66 fungi
  176 plants
  4 tentacles (Shoals:1)
264 creatures vanquished.

Grand Total: 1340 creatures vanquished

Notes
Turn   | Place    | Note
-------+----------+-------------------------------------------
     0 | D:1      | CryoSword the Vine Stalker Enchanter began the quest for
                  | the Orb.
     0 | D:1      | Reached XP level 1. HP: 9/9 MP: 4/4
    39 | D:1      | Found a faded altar of an unknown god.
    57 | D:1      | Reached skill level 1 in Short Blades
   271 | D:1      | Reached XP level 2. HP: 13/13 MP: 6/6
   671 | D:1      | Learned a level 2 spell: Ensorcelled Hibernation
   846 | D:1      | Reached XP level 3. HP: 17/17 MP: 7/7
  1012 | D:1      | Reached skill level 4 in Stealth
  1535 | D:2      | Learned a level 3 spell: Confusing Touch
  1769 | D:2      | Noticed a necrophage
  1785 | D:2      | Killed a necrophage
  1786 | D:2      | Reached skill level 1 in Fighting
  1786 | D:2      | Reached skill level 1 in Ice Magic
  1786 | D:2      | Gained mutation: Your natural rate of healing is unusually
                  | fast. [Vine Stalker growth]
  1786 | D:2      | Reached XP level 4. HP: 21/22 MP: 8/8
  1786 | D:2      | Reached XP level 5. HP: 24/25 MP: 9/9
  2172 | D:2      | Found a runed translucent door.
  2173 | D:2      | Noticed Crazy Yiuf
  2195 | D:2      | Killed Crazy Yiuf
  2481 | D:3      | Noticed an ogre
  2538 | D:3      | Killed an ogre
  2539 | D:3      | Reached XP level 6. HP: 30/30 MP: 7/11
  3103 | D:3      | Learned a level 3 spell: Tukima's Dance
  3187 | D:4      | Noticed Natasha
  3193 | D:4      | Killed Natasha
  3281 | D:4      | Found a sparkling altar of Nemelex Xobeh.
  3320 | D:4      | Noticed Duvessa
  3325 | D:4      | Noticed Dowan
  3467 | D:4      | Noticed a black bear
  3478 | D:4      | Killed a black bear
  3479 | D:4      | Reached XP level 7. HP: 29/34 MP: 5/12
  3559 | D:4      | Noticed Natasha
  3569 | D:4      | Killed Natasha
  3576 | D:4      | Found a staircase to the Ecumenical Temple.
  3579 | D:4      | Noticed Menkaure
  3595 | Temple   | Entered the Ecumenical Temple
  3752 | D:4      | Killed Menkaure
  3910 | D:4      | Noticed Natasha
  3926 | D:4      | Killed Natasha
  3927 | D:4      | Reached skill level 5 in Stealth
  4064 | D:4      | Killed Duvessa
  4113 | D:4      | Noticed Ijyb
  4120 | D:4      | Killed Ijyb
  4444 | D:4      | Killed Dowan
  4489 | D:4      | Found a sparkling altar of Nemelex Xobeh.
  4691 | D:4      | Found a staircase to the Ecumenical Temple.
  5056 | D:5      | Entered Level 5 of the Dungeon
  5087 | D:5      | Gained mutation: You have razor-sharp teeth. [Vine Stalker
                  | growth]
  5087 | D:5      | Reached XP level 8. HP: 30/39 MP: 11/14
  5119 | D:5      | Reached skill level 5 in Hexes
  5700 | D:5      | Reached XP level 9. HP: 44/44 MP: 16/16
  5796 | D:5      | Noticed Blork the orc
  5802 | D:5      | Killed Blork the orc
  5803 | D:5      | Reached skill level 6 in Stealth
  6291 | D:6      | Reached skill level 5 in Short Blades
  6466 | D:6      | Identified the +7 hand axe "Yseawobb" {flame, rPois rCorr
                  | Str-4 Stlth+}
  7194 | D:7      | Noticed Maggie
  7214 | D:7      | Found a flagged portal.
  7288 | Bailey   | Entered a bailey
  7360 | Bailey   | Learned a level 3 spell: Dazzling Flash
  7449 | Bailey   | Noticed an orc knight
  7538 | Bailey   | Killed an orc knight
  7539 | Bailey   | Reached skill level 7 in Stealth
  7539 | Bailey   | Reached XP level 10. HP: 22/49 MP: 5/18
  7636 | Bailey   | Reached skill level 5 in Spellcasting
  7686 | Bailey   | Found a large runed translucent door.
  7686 | Bailey   | Found a large runed translucent door.
  7940 | Bailey   | Noticed a deep elf pyromancer
  8030 | Bailey   | Killed a deep elf pyromancer
  8707 | D:7      | Found a glowing golden altar of the Shining One.
  8732 | D:7      | Reached skill level 1 in Conjurations
  8747 | D:7      | Noticed a two-headed ogre
  8748 | D:7      | Noticed a boulder beetle
  8818 | D:7      | Killed Maggie
  8819 | D:7      | Reached skill level 8 in Stealth
  8819 | D:7      | Reached skill level 1 in Shields
  8834 | D:7      | Killed a two-headed ogre
  9103 | D:7      | Killed a boulder beetle
  9104 | D:7      | Reached XP level 11. HP: 54/54 MP: 12/20
  9519 | D:8      | Reached skill level 9 in Stealth
  9681 | D:8      | Noticed a deep elf pyromancer
  9863 | D:8      | Found a staircase to the Lair.
 10073 | D:8      | Paralysed by a deep elf pyromancer for 2 turns
 10084 | D:8      | Killed a deep elf pyromancer
 10126 | D:8      | Found a shimmering blue altar of Sif Muna.
 10350 | D:9      | Found a staircase to the Orcish Mines.
 10421 | D:9      | Reached skill level 5 in Fighting
 10474 | D:9      | Reached skill level 1 in Armour
 10685 | D:9      | Found Puiq's Assorted Antiques.
 10686 | D:9      | Found Pinwot's Antique Armour Boutique.
 10686 | D:9      | Found Lesid's Weapon Shop.
 10687 | D:9      | Found Mesheucw's Distillery.
 10698 | D:9      | Bought a scroll labelled SIULELI MEYMO for 26 gold pieces
 10698 | D:9      | Bought a metallic amethyst potion for 23 gold pieces
 10698 | D:9      | Bought a scroll of fog for 52 gold pieces
 10698 | D:9      | Bought a scroll of identify for 52 gold pieces
 10698 | D:9      | Bought a scroll of teleportation for 78 gold pieces
 10700 | D:9      | Bought a potion of haste for 130 gold pieces
 10700 | D:9      | Bought a potion of berserk rage for 65 gold pieces
 10700 | D:9      | Bought a potion of flight for 39 gold pieces
 10700 | D:9      | Bought a potion of degeneration for 13 gold pieces
 10838 | D:9      | Reached skill level 5 in Dodging
 11185 | D:10     | Entered Level 10 of the Dungeon
 11189 | D:10     | Noticed a two-headed ogre
 11416 | D:10     | Found Veidi's One-of-a-Kind Rings.
 11417 | D:10     | Noticed a cyan ugly thing
 11420 | D:10     | Killed a cyan ugly thing
 11457 | D:10     | Found a shadowy altar of Dithmenos.
 11491 | D:10     | Killed a two-headed ogre
 11495 | D:10     | Became a worshipper of Dithmenos the Shadowed
 11643 | D:10     | Reached skill level 10 in Stealth
 11804 | D:10     | Reached XP level 12. HP: 49/60 MP: 12/22
 12074 | D:11     | Found a transporter.
 12080 | D:11     | Found a transporter.
 12169 | D:11     | Noticed a two-headed ogre
 12173 | D:11     | Noticed Fannar
 12197 | D:10     | Killed a two-headed ogre
 12197 | D:10     | Reached * piety under Dithmenos
 12256 | D:11     | Noticed Nergalle
 12265 | D:10     | Killed Fannar
 12354 | D:11     | Found a transporter.
 12358 | D:11     | Found a transporter.
 12594 | D:11     | Found a transporter.
 12598 | D:11     | Found a transporter.
 12617 | D:11     | Found Oleecasi's Armour Emporium.
 13007 | D:11     | Killed Nergalle
 13309 | D:9      | Bought a runed helmet for 135 gold pieces
 13433 | Lair:1   | Entered Level 1 of the Lair of Beasts
 13745 | Lair:1   | Found a runed translucent door.
 13748 | Lair:1   | Noticed McKennaii's ghost (journeyman DgFi)
 14399 | Lair:2   | Reached skill level 11 in Stealth
 14451 | Lair:2   | Reached skill level 5 in Shields
 14451 | Lair:2   | Reached skill level 10 in Hexes
 14668 | Lair:2   | Found a staircase to the Snake Pit.
 14966 | Lair:2   | Reached XP level 13. HP: 65/65 MP: 24/24
 15609 | Lair:2   | Identified a scroll of acquirement
 15609 | Lair:2   | Acquired 976 gold pieces
 15751 | D:10     | Bought a +6 ring of protection for 780 gold pieces
 15793 | D:9      | Bought a potion of haste for 130 gold pieces
 15793 | D:9      | Bought 2 potions of curing for 78 gold pieces
 15793 | D:9      | Bought a potion of cancellation for 104 gold pieces
 16078 | Lair:3   | Noticed Gastronok
 16118 | Lair:3   | Killed Gastronok
 16310 | Lair:3   | Reached ** piety under Dithmenos
 16594 | Snake:1  | Entered Level 1 of the Snake Pit
 16594 | Snake:1  | Noticed a naga warrior
 16876 | Lair:4   | Reached skill level 12 in Stealth
 16925 | Lair:4   | Found a staircase to the Shoals.
 16942 | Lair:4   | Found a runed translucent gate.
 16942 | Lair:4   | Found a runed translucent gate.
 16942 | Lair:4   | Found a runed translucent gate.
 16944 | Lair:4   | Noticed McKennaii's ghost (journeyman DgFi)
 16944 | Lair:4   | Noticed Vuluc's ghost (journeyman SpHu)
 16946 | Lair:4   | Noticed Wairalebb's ghost (journeyman BaFi)
 16946 | Lair:4   | Noticed Hiywul's ghost (journeyman MiHu)
 16982 | Lair:4   | You fall into a shaft and drop 1 floor!
 17049 | Lair:5   | Reached XP level 14. HP: 70/70 MP: 26/26
 18177 | Lair:5   | Reached *** piety under Dithmenos
 18826 | Lair:6   | Entered Level 6 of the Lair of Beasts
 19042 | Lair:5   | Reached skill level 10 in Short Blades
 19169 | Lair:6   | Reached skill level 13 in Stealth
 19209 | Lair:6   | Reached **** piety under Dithmenos
 19210 | Lair:6   | Reached XP level 15. HP: 43/74 MP: 7/27
 19590 | Lair:6   | Found a staircase to the Slime Pits.
 19951 | Lair:1   | Killed McKennaii's ghost
 19954 | Lair:1   | Identified the amulet of Disaster {Faith rC+ Int+3 Dex+3
                  | SInv}
 20229 | Lair:6   | Reached skill level 10 in Shields
 20324 | Lair:6   | Reached ***** piety under Dithmenos
 20561 | Lair:6   | Found a runed translucent door.
 20587 | Lair:6   | Reached skill level 1 in Invocations
 21061 | Lair:6   | Reached skill level 5 in Armour
 21847 | D:12     | Identified the +2 rapier of Tisuta Lotum {vamp, Str+4 Dex-5
                  | SInv}
 23314 | D:13     | Found a gate to the Vaults.
 23326 | D:13     | Reached XP level 16. HP: 77/81 MP: 23/29
 24064 | D:14     | Reached skill level 14 in Stealth
 24150 | D:14     | Reached ****** piety under Dithmenos
 24526 | Lair:4   | Killed Hiywul's ghost
 24567 | Lair:4   | Killed Wairalebb's ghost
 24581 | Lair:4   | Killed McKennaii's ghost
 24622 | Lair:4   | Killed Vuluc's ghost
 24654 | Lair:4   | Identified the +3 pair of gloves of Prudence {Contam Harm
                  | +Blink Regen+}
 25269 | Lair:3   | Identified the +0 pair of boots of Unambiguity {rElec
                  | Will+++ rCorr Str-4}
 25677 | D:14     | Found an iron altar of Okawaru.
 25736 | D:14     | Found Dume's Antique Weapon Shop.
 25862 | D:15     | Entered Level 15 of the Dungeon
 26213 | D:15     | Noticed Josephine
 26255 | D:15     | Killed Josephine
 26265 | D:15     | Reached skill level 1 in Throwing
 26577 | D:15     | Noticed Jorgrun
 26611 | D:15     | Killed Jorgrun
 26879 | D:15     | Found a staircase to the Depths.
 27118 | Orc:1    | Entered Level 1 of the Orcish Mines
 27118 | Orc:1    | Found Toetiog's Armour Emporium.
 27196 | Orc:1    | Bought a +0 kite shield of positive energy for 110 gold
                  | pieces
 27212 | Orc:1    | Learned a level 5 spell: Metabolic Englaciation
 27216 | Orc:1    | Learned a level 3 spell: Mephitic Cloud
 27222 | Orc:1    | Learned a level 5 spell: Yara's Violent Unravelling
 27396 | Orc:2    | Entered Level 2 of the Orcish Mines
 27527 | Orc:2    | Found a gate leading to a gauntlet.
 27539 | Gauntlet | Entered a Gauntlet
 27539 | Gauntlet | Found a transporter.
 27539 | Gauntlet | Found a transporter.
 27545 | Gauntlet | Found a transporter.
 27553 | Gauntlet | Found a transporter.
 27567 | Gauntlet | Found a transporter.
 27575 | Gauntlet | Found a transporter.
 27594 | Gauntlet | Found a transporter.
 27600 | Gauntlet | Found a transporter.
 27617 | Gauntlet | Found a transporter.
 27658 | Gauntlet | Found a transporter.
 27660 | Gauntlet | Found a transporter.
 27671 | Gauntlet | Found a transporter.
 27862 | Gauntlet | Identified the ring of Nogutaq {Wiz Fly rF+ Dex-4}
 27968 | Gauntlet | Found the +0 staff of Battle
 27975 | Gauntlet | Identified the +1 ring mail "Qyurys" {*Slow rPois Dex+3
                  | SInv}
 28632 | Orc:1    | Reached skill level 1 in Air Magic
 29364 | Orc:2    | Reached skill level 1 in Transmutations
 29464 | Orc:2    | Reached skill level 1 in Poison Magic
 29835 | Orc:2    | Reached XP level 17. HP: 80/85 MP: 28/31
 30103 | Orc:2    | Found a staircase to the Elven Halls.
 30172 | Orc:2    | Found Xiguc's General Store.
 30173 | Orc:2    | Found Pyassup's Jewellery Boutique.
 30175 | Orc:2    | Found Cyeliosk's Antique Armour Boutique.
 30175 | Orc:2    | Found Atusiphy's Antique Weapon Shop.
 30192 | Orc:2    | Bought an amulet of reflection for 360 gold pieces
 30678 | Snake:1  | Noticed Asterion
 30689 | Snake:1  | Killed Asterion
 30835 | Snake:1  | Reached skill level 5 in Invocations
 31181 | Snake:1  | Noticed Aizul
 31188 | Snake:1  | Killed Aizul
 31247 | Snake:1  | Found Zoricuni's Jewellery Boutique.
 31270 | Snake:1  | Found Mudui's Book Emporium.
 31271 | Snake:1  | Found Kaim's Jewellery Boutique.
 31274 | Snake:1  | Noticed Rupert
 31292 | Snake:1  | Killed Rupert
 31509 | Snake:2  | Noticed Kirke
 31629 | Snake:2  | Killed Kirke
 32174 | Snake:2  | Noticed Azrael
 32204 | Snake:2  | Killed Azrael
 32503 | Snake:2  | Reached skill level 5 in Ice Magic
 32618 | Snake:2  | Reached skill level 5 in Conjurations
 33195 | Snake:3  | Identified the +8 war axe "Siegesmu" {speed, rF+ Int+4
                  | SInv}
 33306 | Snake:3  | Reached XP level 18. HP: 91/91 MP: 29/32
 33493 | Snake:3  | Reached skill level 10 in Spellcasting
 33893 | D:10     | Bought a +7 ring of slaying for 1726 gold pieces
 34112 | Snake:3  | Reached skill level 15 in Stealth
 34676 | Snake:4  | Entered Level 4 of the Snake Pit
 34874 | Snake:4  | Got the Reference Book on Displacement and the Frostbite
 35343 | Snake:4  | Identified the +4 war axe of Distant Worlds {venom, rPois
                  | rF++ rC+}
 35973 | Snake:4  | Learned a level 1 spell: Apportation
 35976 | Snake:4  | Learned a level 2 spell: Blink
 36609 | Snake:4  | Reached skill level 1 in Translocations
 36882 | Snake:4  | Got a serpentine rune of Zot
 37203 | Shoals:1 | Entered Level 1 of the Shoals
 37503 | Shoals:1 | Reached XP level 19. HP: 63/96 MP: 32/34
 37679 | Shoals:1 | Found Jeux Tig's Magic Scroll Boutique.
 38378 | Shoals:2 | Found a runed translucent gate.
 38379 | Shoals:2 | Found a runed translucent gate.
 38380 | Shoals:2 | Found a runed translucent gate.
 39079 | Shoals:2 | Noticed CryoSword's ghost (adept GrEE)
 39145 | Shoals:3 | HP: 3/96 [drowned by a water elemental (6)]
 39146 | Shoals:3 | Drowned by a water elemental

Illustrated notes

Levels and vault maps discovered:
D:1:      co_arrival_random_square_maze, layout_basic,
          shapermc_ecumenical_altar_mp_ritualfount
D:2:      layout_loops_ring, uniq_crazy_yiuf_cottage
D:3:      layout_rooms, st_stairs_8, kennysheep_generic_room_16
D:4:      layout_loops_ring, mainiacjoe_overflow_24_doors,
          minmay_temple_entry_large_hall, uniq_duvessa, uniq_menkaure,
          uniq_natasha, uniq_ijyb
D:5:      kennysheep_six_static_rooms, layout_basic, serial_corexii_hall,
          chequers_hall_statues_y, corexii_hall_statues_deadend, st_stairs_10,
          uniq_blork_the_orc
D:6:      layout_loops_ring
D:7:      minmay_chambers_of_sevens, layout_basic, tso_altar, enter_bailey_6,
          uniq_maggie
D:8:      layout_loops_ring, nicolae_sif_muna_little_library, lair_entry_dummy
D:9:      layout_long_grid, david_orc_2, nicolae_wooded_promenade
D:10:     layout_rooms, grunt_dithmenos_smoke_and_mirrors,
          nicolae_shop_unique_rings, serial_bayou_lagoon_b
D:11:     layout_small_grid, serial_shops, shop, minmay_misc_feat_plants,
          nrook_mini_vaults, serial_nicolae_subway, nicolae_sub_station_crystal,
          nicolae_sub_station_stone, nicolae_sub_station_metal, uniq_fannar,
          uniq_nergalle
D:12:     layout_loops_corners
D:13:     layout_cave_pods, david_vaults_2
D:14:     layout_irregular_city, serial_shops, shop, okawaru_ov_weapons_minmay
D:15:     grunt_enter_depths_hoard, layout_loops_cross, serial_bayou_ford_a,
          nicolae_sextant, uniq_jorgrun, uniq_josephine
Temple:   mainiacjoe_temple_coin_purse
Lair:1:   layout_roguey, ebering_ghost_inner_flame, beast_lair_carwin_9
Lair:2:   layout_concentric_octagons, minmay_snake_entry_six_corridors,
          chequers_serial_rivers_micro_c, serial_bayou_shore_a
Lair:3:   layout_chaotic_city, uniq_gastronok
Lair:4:   layout_roguey, elwin_shoals_entry_rocks, gammafunk_ghost_cemetery,
          cheibrodos_lair_caveside_slide, dreamdust_deal_with_the_devil,
          dpeg_oklob_1
Lair:5:   beast_lair_carwin_large_3, layout_layer_cave, st_stairs_4
Lair:6:   hangedman_lair_tendril_chambers, layout_layer_cave, wormcave,
          minmay_slime_entry_oklob_enclosed
Shoals:1: layout_shoals, serial_shops, nicolae_shop_behind_doors,
          nicolae_shoals_aquamancer_cove
Shoals:2: layout_shoals, gammafunk_ghost_necromancy
Shoals:3: layout_shoals
Snake:1:  layout_misc_corridors, minmay_shop_grove, grunt_megastairs_4,
          uniq_aizul, uniq_rupert, uniq_asterion
Snake:2:  cheibrodos_forgotten_conduit, layout_misc_corridors, uniq_azrael,
          uniq_kirke
Snake:3:  layout_cave_town, grunt_ministairs_1, serial_bayou_pond_c
Snake:4:  snake_pit, layout_chambers
Orc:1:    layout_diamond_mine, serial_shops, shop_statue, minmay_orc_barracks
Orc:2:    st_orc_congregation, layout_caves, gauntlet_entry_generic,
          minmay_orc_temple_b

Skill      XL: |  1  2  3  4  5  6  7  8  9 10 11 12 13 14 15 16 17 18 19 |
---------------+----------------------------------------------------------+-----
Short Blades   | 1 2 3 4 6 7 8 9 10 11 12 | 12.0
Stealth        | 4 5 7 8 10 11 12 13 14 15 | 15.5
Fighting       | 1 2 3 4 5 6 7 8 9 |  9.5
Dodging        | 2 3 4 5 |  5.0
Ice Magic      | 1 2 3 4 5 6 |  6.3
Hexes          | 4 5 7 8 9 10 11 12 13 14 | 14.6
Spellcasting   | 3 4 5 6 7 8 9 10 | 10.5
Conjurations   | 1 3 4 5 |  5.1
Shields        | 1 3 5 8 9 10 11 12 | 12.4
Armour         | 2 3 4 5 6 7 |  7.3
Invocations    | 2 4 6 8 |  8.7
Throwing       | 2 3 |  3.0
Air Magic      | 1 3 |  3.8
Transmutations | 1 2 4 |  4.7
Poison Magic   | 1 2 3 4 |  4.0
Translocations | 2 |  2.6

Action                   |  1- 3 |  4- 6 |  7- 9 | 10-12 | 13-15 | 16-18 | 19-21 || total
-------------------------+-------+-------+-------+-------+-------+-------+-------++-------
Melee: Dagger            |    92 |   104 |   310 |   667 |  1028 |   747 |       ||  2948
       Bite              |    31 |    27 |   115 |   269 |   490 |   743 |    52 ||  1727
       Short sword       |    12 |     1 |       |       |       |       |       ||    13
       Punch             |     1 |     2 |    10 |    15 |       |       |       ||    28
       Quick blade       |       |       |       |       |    32 |   976 |   113 ||  1121
Throw: Dart              |       |       |       |     1 |       |     1 |       ||     2
 Cast: Ensorcelled Hiber |     6 |    21 |    23 |    57 |    83 |   191 |    30 ||   411
       Confusing Touch   |       |     1 |    30 |    67 |    83 |    36 |     1 ||   218
       Tukima's Dance    |       |     1 |     2 |    13 |       |   108 |     3 ||   127
       Dazzling Flash    |       |       |       |     3 |       |   160 |     4 ||   167
       Metabolic Englaci |       |       |       |       |       |     3 |       ||     3
Invok: Shadow Step       |       |       |       |       |       |     1 |       ||     1
Evoke: Wand              |       |       |       |     4 |     4 |     1 |       ||     9
  Use: Scroll            |       |       |       |    21 |     9 |    10 |       ||    40
       Potion            |       |       |       |     2 |     1 |     4 |     1 ||     8
 Stab: Sleeping          |    14 |    20 |    22 |    40 |    75 |   173 |    34 ||   378
       Confused          |       |       |    27 |    48 |    70 |    32 |     2 ||   179
       Distracted        |       |       |     2 |     1 |    10 |    14 |       ||    27
       Invisible         |       |       |       |     2 |       |   163 |     3 ||   168
       Petrifying        |       |       |       |     1 |       |       |       ||     1
Armor: Robe              |    19 |    17 |    15 |       |       |       |       ||    51
       Leather armour    |       |       |    72 |    53 |       |       |       ||   125
       Steam dragon scal |       |       |       |   143 |   266 |   198 |    46 ||   653
       Swamp dragon scal |       |       |       |       |       |   178 |       ||   178
Dodge: Dodged            |    64 |    49 |   161 |   335 |   557 |   518 |    48 ||  1732
Block: Buckler           |       |       |       |    40 |    47 |       |       ||    87
       Tower shield      |       |       |       |     5 |   806 |   346 |   167 ||  1324
       Kite shield       |       |       |       |       |       |   985 |       ||   985
       Reflection        |       |       |       |       |       |   107 |     3 ||   110
